AoeStats
← hightower_208

Fortress

508704793Analyzed
2v2 RM · 8d ago on Sep 23, 2026· 65m 28s· 4 players
Game mode
Random Map
Map size
Normal (6 player)
Population
200
Speed
Normal
Resources
Standard
Victory
Conquest
Starting age
Dark Age
Ending age
Imperial Age
RankedLock teamsTeams togetherTeam positionsShared explorationLock speedFull tech treeHidden civsTurbo modeCheats
Victory
Defeat
🇩🇪 Saxons · Germany
1651
+19
🇩🇪 Varangians · Germany
1625
+21
🇩🇪 Hindustanis · Germany
1718
-20
🇨🇭 Bohemians · Switzerland
1718
-20
hightower_208
7:02 Feudal Age
11:14 Castle Age
9:03 Double-Bit Axe
8:59 Horse Collar
13:19 Bow Saw
15:26 Loom
18:51 Wheelbarrow
20:10 Hand Cart
20:44 Gold Mining
24:08 Imperial Age
21:52 Stone Mining
22:46 Scale Mail Armor
22:48 Squires
22:35 Arson
22:38 Gambesons
23:43 Chain Mail Armor
23:38 Forging
24:13 Shield Wall
25:25 Plate Mail Armor
25:26 Conscription
26:33 Iron Casting
27:58 Two-Man Saw
28:12 Elite Hearth Troop
31:29 Elite Varangian Guard
31:55 Arson
33:21 Capped Ram
34:45 Siege Ram
36:04 Siege Engineers
36:20 Ballistics
37:32 Caravan
39:51 Pikeman
40:56 Halberdier
42:34 Fortified Wall
42:35 Masonry
43:18 Hoardings
46:47 Scale Barding Armor
50:26 Coinage
49:52 Onager
58:59 Banking
62:01 Guilds
Mjoelnir
7:37 Feudal Age
7:04 Loom
11:08 Castle Age
9:47 Double-Bit Axe
9:43 Horse Collar
12:02 Gold Mining
19:55 Loom
21:25 Bow Saw
21:57 Wheelbarrow
21:08 Town Watch
21:29 Heavy Plow
24:05 Hand Cart
24:08 Forging
25:48 Husbandry
25:58 Bloodlines
25:42 Stone Mining
27:05 Scale Barding Armor
29:47 Imperial Age
28:25 Chain Barding Armor
28:17 Light Cavalry
29:41 Iron Casting
30:07 Devotion
31:27 Plate Barding Armor
31:20 Conscription
32:24 Blast Furnace
31:52 Elite Jarl
34:44 Hussar
38:45 Caravan
48:10 Fletching
49:48 Masonry
49:59 Ballistics
50:40 Chemistry
51:05 Siege Engineers
50:58 Bodkin Arrow
58:37 Bracer
58:38 Padded Archer Armor
59:10 Architecture
61:54 Two-Man Saw
61:25 Crop Rotation
61:32 Stone Shaft Mining
63:10 Faith
64:03 Capped Ram
66:30 Coinage
Armchair Saurus
7:18 Feudal Age
10:54 Castle Age
10:03 Double-Bit Axe
10:37 Horse Collar
13:32 Fervor
13:36 Bow Saw
14:32 Loom
16:51 Sanctity
17:50 Heavy Plow
20:33 Wheelbarrow
21:38 Town Watch
24:52 Imperial Age
23:01 Hand Cart
24:59 Chemistry
24:07 Padded Archer Armor
25:59 Block Printing
26:32 Hussite Reforms
27:28 Leather Archer Armor
27:35 Fletching
27:52 Wagenburg Tactics
28:49 Two-Man Saw
29:36 Illumination
29:35 Pikeman
30:16 Squires
30:18 Scale Mail Armor
31:19 Redemption
31:58 Ring Archer Armor
31:44 Chain Mail Armor
32:01 Conscription
31:39 Halberdier
33:19 Forging
34:10 Plate Mail Armor
34:18 Masonry
34:42 Guilds
37:32 Theocracy
36:56 Houfnice
38:16 Clinker Construction
38:37 Architecture
38:27 Arson
41:13 Iron Casting
40:58 Bodkin Arrow
48:13 Blast Furnace
47:15 Bracer
48:56 Fortified Wall
50:27 Siege Engineers
50:59 Caravan
56:01 Ballistics
56:22 Elite Skirmisher
57:41 Sappers
61:38 Coinage
Grabwespe
7:07 Feudal Age
10:48 Castle Age
8:44 Double-Bit Axe
9:20 Horse Collar
11:46 Bow Saw
16:12 Wheelbarrow
15:48 Heavy Plow
17:51 Gold Mining
17:53 Loom
20:08 Hand Cart
21:54 Town Watch
25:37 Imperial Age
24:20 Bloodlines
24:10 Husbandry
24:35 Masonry
25:17 Grand Trunk Road
25:38 Stone Mining
26:18 Heavy Camel Rider
28:18 Chemistry
27:50 Scale Barding Armor
27:56 Forging
28:53 Gold Shaft Mining
29:59 Iron Casting
31:21 Light Cavalry
32:18 Padded Archer Armor
33:49 Blast Furnace
34:41 Conscription
34:50 Fletching
35:23 Murder Holes
35:46 Imperial Camel Rider
38:12 Chain Barding Armor
40:59 Plate Barding Armor
41:32 Leather Archer Armor
42:39 Shatagni
48:22 Siege Engineers
52:17 Ring Archer Armor
53:05 Caravan
54:16 Bodkin Arrow
54:30 Hussar
Connection lost

Rejoining the realm…

Still unreachable

The connection could not be restored.

Session expired

The server has moved on; the page needs a fresh start.